 Dungeon Crawl Stone Soup version 0.28-a0-1629-gf728b707aa (webtiles) character file.

Game seed: 6763503246720196126

199 Pin the Skirmisher (level 5, 0/47 HPs)
             Began as a Hill Orc Fighter on Jan 25, 2022.
             Succumbed to a kobold's poison
             ... in a sewer.
             The game lasted 00:03:02 (2656 turns).

Pin the Skirmisher (Hill Orc Fighter)               Turns: 2656, Time: 00:03:02

Health: 0/47       AC: 12    Str: 21    XL:     5   Next: 77%
Magic:  5/5        EV:  5    Int:  8    God:
Gold:   117        SH:  4    Dex: 10    Spells: 4/4 levels left

rFire   . . .      SeeInvis .   a - +0 war axe
rCold   . . .      Faith    .   c - +0 buckler
rNeg    . . .      Spirit   .   f - +0 plate armour
rPois   .          Reflect  .   (no helmet)
rElec   .          Harm     .   (no cloak)
rCorr   .          Rampage  .   (no gloves)
Will    .....                   (no boots)
Stlth   ..........              (no amulet)
HPRegen 0.15/turn               (no ring)
MPRegen 0.09/turn               (no ring)

@: lethally poisoned (0 -> -4)
A: no striking features
a: no special abilities


You were in a sewer.
You visited 1 branch of the dungeon, and saw 3 of its levels.
You also visited: Sewer.

You collected 117 gold pieces.

Inventory:

Hand Weapons
 a - a +0 war axe (weapon)
Armour
 c - a +0 buckler (worn)
 f - a +0 plate armour (worn)
 i - a scarf of invisibility
Scrolls
 e - a scroll of identify {unknown}
 h - 2 scrolls of teleportation {unknown}
Potions
 b - a potion of invisibility {unknown}
 d - a potion of might
 g - a potion of curing {unknown}


   Skills:
 + Level 4.9 Fighting
 + Level 4.4 Axes
 + Level 4.4 Armour
 + Level 4.4 Shields


You had 4 spell levels left.
You didn't know any spells.
Your spell library was empty.

Dungeon Overview and Level Annotations

Branches:
Dungeon (3/15)              Sewer (1/1)

Altars:

Shops:
D:3 =


Message History

You closely miss the ufetubus.
The ufetubus is moderately wounded.
You block the ufetubus's attack.
The ufetubus hits you but does no damage.
The kobold throws a poisoned dart.
The poisoned dart hits you!
You are poisoned.
The ufetubus hits you but does no damage. x2
You miss the ufetubus.
The ufetubus is moderately wounded.
You hit the kobold.
* * * LOW HITPOINT WARNING * * *
You feel very sick.
The ufetubus hits you but does no damage.
The ufetubus hits you.
* * * LOW HITPOINT WARNING * * *
The ufetubus hits you but does no damage. x2
You block the kobold's attack.
You hit the ufetubus but do no damage.
The ufetubus is moderately wounded.
You hit the kobold.
You kill the kobold!
* * * LOW HITPOINT WARNING * * *
You feel sick. You block the ufetubus's attack. The ufetubus barely misses you.
The ufetubus hits you but does no damage. x2
An endoplasm comes into view.
You closely miss the ufetubus.
The ufetubus is moderately wounded.
You barely miss the ufetubus.
* * * LOW HITPOINT WARNING * * *
You feel sick.
The endoplasm quivers.
The ufetubus hits you but does no damage. x2
You block the ufetubus's attack. The ufetubus closely misses you.
The ufetubus hits you.
* * * LOW HITPOINT WARNING * * *
The ufetubus barely misses you.
You hit the shadow imp.
You kill the shadow imp!
You barely miss the ufetubus.
You die...

...≈≈≈≈..)..........
#...#≈≈...).........#
##J####.###≈##≈##≈###
#≈≈.#...≈≈≈≈≈≈≈≈≈≈≈≈≈
#≈≈.#..≈≈≈≈≈≈≈≈≈≈≈≈≈≈
#≈≈Z#.≈≈≈≈≈≈≈≈≈≈≈≈≈≈≈
#≈JK#.≈≈≈≈≈≈≈≈≈≈≈≈≈≈≈
#≈K5#.≈≈≈≈≈≈≈≈≈≈≈≈≈≈≈
#≈5)@.≈≈≈≈≈≈≈≈≈≈≈≈≈≈≈
#####################


You could see 2 ufetubi, a kobold zombie, 2 endoplasms and 2 kobolds.

Vanquished Creatures
  Natasha (thrice) (D:2)
  A river rat (D:3)
  4 gnolls (D:3)
  A shadow imp (Sewer)
  An ufetubus (Sewer)
  4 worms
  2 dart slugs
  6 bats
  4 endoplasms
  A giant cockroach (D:1)
  2 goblins
  2 hobgoblins (D:1)
  4 jackals (D:1)
  4 quokkas
  7 ball pythons
  A giant cockroach zombie (Sewer)
  10 kobolds
  7 rats
64 creatures vanquished.

Vanquished Creatures (others)
  3 plants (D:3)
3 creatures vanquished.

Grand Total: 67 creatures vanquished

Notes
Turn   | Place    | Note
-------+----------+-------------------------------------------
     0 | D:1      | Pin the Hill Orc Fighter began the quest for the Orb.
     0 | D:1      | Reached XP level 1. HP: 19/19 MP: 1/1
    73 | D:1      | Reached XP level 2. HP: 26/27 MP: 2/2
   323 | D:1      | Reached XP level 3. HP: 20/33 MP: 3/3
  1086 | D:2      | Identified the +0 leather armour "Feajim Ymus" {rN+}
  1147 | D:2      | Noticed Natasha
  1156 | D:2      | Killed Natasha
  1157 | D:2      | Reached XP level 4. HP: 38/41 MP: 4/4
  1190 | D:2      | Noticed Natasha
  1201 | D:2      | Killed Natasha
  1561 | D:2      | Noticed Natasha
  1571 | D:2      | Killed Natasha
  1572 | D:2      | Reached XP level 5. HP: 24/47 MP: 5/5
  2164 | D:3      | Found Joschuesh's Jewellery Shoppe.
  2371 | D:3      | Found a glowing drain.
  2375 | Sewer    | Entered a sewer
  2655 | Sewer    | HP: 2/47 [ufetubus (1)]
  2656 | Sewer    | Succumbed to a kobold's poison

Illustrated notes

Levels and vault maps discovered:
D:1:      onia_arrival_pyramid, layout_basic
D:2:      layout_rooms, corexii_hall_statues_u, uniq_natasha
D:3:      cheibrodos_old_hovel, layout_basic, gup_sewer_entry_bowl,
          serial_shops, nicolae_shop_advertising_works
          [nicolae_subvault_shop_adworks], nicolae_elevator_lobby_plus
Sewer:    kennysheep_sewer_church

Skill      XL: |  1  2  3  4 |
---------------+-------------+-----
Axes           | 3 4 |  4.4
Fighting       | 4 |  4.9
Armour         | 4 |  4.4
Shields        | 4 |  4.4

Action                   |  1- 3 |  4- 6 || total
-------------------------+-------+-------++-------
Melee: War axe           |    96 |   110 ||   206
Armor: Scale mail        |    37 |       ||    37
       Plate armour      |    25 |    84 ||   109
Dodge: Dodged            |    42 |    35 ||    77
Block: Buckler           |    20 |    39 ||    59

Table legend: (Time is in decaauts)
 A = Elapsed time spent in this place.
 B = Non-inter-level travel time spent in this place.
 C = Inter-level travel time spent in this place.
 D = Time resting spent in this place.
 E = Time spent auto-exploring this place.
 F = Levels seen in this place.
 G = Mean time per level.
                   A        B        C        D        E       F      G
               +--------+--------+--------+--------+--------+-----+--------+
         Total |   2746 |   2684 |     62 |    397 |   1739 |   4 |  686.5 |
       Dungeon |   2449 |   2387 |     62 |    397 |   1529 |   3 |  816.3 |
         Sewer |    297 |    297 |      0 |      0 |    210 |   1 |  297.0 |
               +--------+--------+--------+--------+--------+-----+--------+

Top non-repeatable levels by time:
     D:1: 1075 daAuts
     D:2: 831 daAuts
     D:3: 542 daAuts
   Sewer: 297 daAuts
